 Dungeon Crawl Stone Soup version 0.31-a0-240-gb923e448b6 (webtiles) character file.

Game seed: 8287900372545447856

35 qw the Shooter (level 3, -6/29 HPs)
             Began as a Minotaur Hexslinger on July 11, 2023.
             Mangled by Terence
             ... wielding a +3 trident of protection
              (8 damage)
             ... on level 1 of the Dungeon.
             The game lasted 00:00:21 (803 turns).

qw the Shooter (Minotaur Hexslinger)                 Turns: 803, Time: 00:00:22

Health: -6/29      AC:  5    Str:  9 (12) XL:     3   Next: 16%
Magic:  3/3        EV: 10    Int:  9 (10) God:
Gold:   2          SH:  0    Dex: 11 (14) Spells: 3/4 levels left

rFire   . . .        Y - +1 sling
rCold   . . .        (no shield)
rNeg    . . .        f - +0 ring mail
rPois   .            (helmet restricted)
rElec   .            (no cloak)
rCorr   .            (no gloves)
SInv    .            (no boots)
Will    .....        (no amulet)
Stlth   +            (no ring)
HPRegen 0.24/turn    (no ring)
MPRegen 0.08/turn

%: no passive effects
@: no status effects
A: horns 2, retaliatory headbutt
a: no special abilities


You were on level 1 of the Dungeon.
You visited 1 branch of the dungeon, and saw 2 of its levels.

You collected 2 gold pieces.


Innate Abilities, Weirdness & Mutations

You have a pair of horns on your head.
You reflexively headbutt those who attack you in melee.


   Skills:
 - Level 2.0 Fighting
 + Level 3.7 Ranged Weapons
 - Level 2.1 Dodging
 - Level 1.0 Spellcasting
 - Level 2.0 Hexes


You had 3 spell levels left.
You knew the following spells:

 Your Spells              Type           Power      Damage    Failure   Level
a - Slow                  Hex            16%        N/A       41%         1

Your spell library contained the following spells:

 Spells                   Type           Power      Damage    Failure   Level
 Inner Flame              Hex/Fire       2%         N/A       90%         3
 Portal Projectile        Hex/Tloc       4%         N/A       90%         3
 Cause Fear               Hex            2%         N/A       99%         4

Inventory:

Hand Weapons
 Y - a +1 sling (weapon)
Armour
 f - a +0 ring mail (worn)
Potions
 e - a potion of magic {unknown}

Dungeon Overview and Level Annotations

Branches:
Dungeon (2/15)

Altars:

Annotations:
D:1 Terence


Message History

Terence hits you with a +3 trident of protection.
The hobgoblin hits you but does no damage.
A frilled lizard comes into view.
Terence closely misses you. You furiously retaliate!
You headbutt Terence. The hobgoblin closely misses you.
You furiously retaliate!
You headbutt the hobgoblin.
You kill the hobgoblin!
The dart slug launches a dart at you. The slug dart misses you.
You shoot a sling bullet. The frilled lizard hisses angrily.
The sling bullet hits Terence but does no damage.
Terence is lightly wounded.
Terence closely misses you.
You shoot a sling bullet.
The sling bullet hits Terence but does no damage.
Terence is lightly wounded.
Terence misses you.
You shoot a sling bullet.
The sling bullet hits Terence but does no damage.
Terence is lightly wounded.
A kobold comes into view. It is wielding a +0 club.
Terence barely misses you.
Terence zaps a wand.
The puff of flame hits you!
The kobold moves out of view.
799 ||| STAIRDANCE Terence barely misses you.
You climb upwards.
There is a stone staircase leading down here.
You shoot a sling bullet.
The sling bullet hits Terence but does no damage.
Terence is lightly wounded.
Terence hits you with a +3 trident of protection.
You shoot a sling bullet.
The sling bullet hits Terence but does no damage.
Terence is lightly wounded.
Terence hits you with a +3 trident of protection.
You shoot a sling bullet. The sling bullet hits Terence.
Terence is lightly wounded.
Terence hits you with a +3 trident of protection! x2
You die...

#.#.#.###.#.#
#.#.....).#.######
#.###.####.......)
#......#....######
###.......#.#
#.#..#..#.#
###.#..#..#.#
###@..#..#..#.#
#..@.....#..#.#
###.##......#.#
#.##......#.######
#.#.......#.#.....
#.#.####....#.####
#.#.# ##.....##..
#.#.# #.#......#
#.#.# #.#.#.....
#.#.#####.#.....#.


You could see Terence.

Vanquished Creatures
  A dart slug (D:1)
  A bat skeleton (D:2)
  An endoplasm (D:1)
  A goblin (D:1)
  4 hobgoblins
  2 jackals (D:1)
  4 quokkas (D:1)
  5 ball pythons (D:1)
  4 bats (D:1)
  2 kobolds (D:1)
  2 rats (D:1)
27 creatures vanquished.

Notes
Turn   | Place    | Note
-------+----------+-------------------------------------------
     0 | D:1      | qw the Minotaur Hexslinger began the quest for the Orb.
     0 | D:1      | Reached XP level 1. HP: 16/16 MP: 1/1
     0 | D:1      | 0 ||| qw: Version: 0.3-a-52-g30416fa
     0 | D:1      | 0 ||| qw: Game counter: 6063
     0 | D:1      | 0 ||| qw: Melee chars always use a shield: true
     0 | D:1      | 0 ||| qw: God list: Okawaru
     0 | D:1      | 0 ||| qw: Allow faded altars: false
     0 | D:1      | 0 ||| qw: Do Orc after clearing Dungeon:15 true
     0 | D:1      | 0 ||| qw: Do second Lair branch before Depths: true
     0 | D:1      | 0 ||| qw: Lair rune preference: random
     0 | D:1      | 0 ||| qw: Goals: Normal
     0 | D:1      | 0 ||| PLANNING D:1-11
   200 | D:1      | Reached skill level 3 in Ranged Weapons
   200 | D:1      | Reached XP level 2. HP: 22/23 MP: 2/2
   442 | D:1      | Reached XP level 3. HP: 29/29 MP: 3/3
   631 | D:1      | 631 ||| UPGRADING to +0 ring mail.
   641 | D:1      | 641 ||| DROPPING +0 robe.
   642 | D:1      | 642 ||| READING scroll labelled XEFOBRUIGU.
   643 | D:1      | 643 ||| DRINKING 2 grey potions.
   644 | D:1      | 644 ||| DROPPING scroll of poison.
   645 | D:1      | 645 ||| DROPPING potion of degeneration.
   677 | D:2      | Noticed Terence
   681 | D:2      | 681 ||| STAIRDANCE
   732 | D:2      | 732 ||| STAIRDANCE
   799 | D:2      | 799 ||| STAIRDANCE
   803 | D:1      | HP: 2/29 [Terence/+3 trident of protection (9)]
   803 | D:1      | Mangled by Terence

Levels and vault maps discovered:
D:1:      erik_arrival_triangle_small, layout_basic
D:2:      minmay_chambers_of_ones, layout_basic, serial_undead, serial_undead_f,
          serial_undead_a, serial_undead_b, serial_undead_a,
          ebering_ecumenical_altar_hall, serial_shops, shop, uniq_terence

Skill      XL: |  1  2 |
---------------+-------+-----
Ranged Weapons | 3 |  3.7
Fighting       | 2 |  2.0
Dodging        | |  2.1
Spellcasting   | |  1.0
Hexes          | |  2.0

Action                     || total
---------------------------++-------
   Fire: Sling             ||    87
    Use: Scroll            ||     1
         Potion            ||     1
 Armour: Robe              ||     6
         Ring mail         ||     8
  Dodge: Dodged            ||    45

Table legend:
 A = Non-vault XP
 B = Vault XP
 C = Vault XP percentage of total XP
 D = Non-vault monster count
 E = Vault monster count
 F = Vault count percentage of total count
                 A         B        C        D         E       F
            +---------+---------+-------+---------+---------+-------
      Total |      48 |       2 |   4.0 |      26 |       1 |   3.7
            +---------+---------+-------+---------+---------+-------
        D:1 |      46 |       0 |   0.0 |      25 |       0 |   0.0
        D:2 |       2 |       2 |  50.0 |       1 |       1 |  50.0
            +---------+---------+-------+---------+---------+-------
